 Dungeon Crawl Stone Soup version 0.26-a0-969-g2c58977ddd (webtiles) character file.

Game seed: 13116613085653029903

11175 Gargoyl the Fighter (level 11, -5/89 HPs)
             Began as a Gnoll Abyssal Knight on Dec 4, 2020.
             Was the Champion of Lugonu.
             Slain by a four-headed hydra (11 damage)
             ... on level 11 of the Dungeon.
             The game lasted 00:15:28 (9641 turns).

Gargoyl the Fighter (Gnoll Abyssal Knight)          Turns: 9641, Time: 00:15:29

Health: -5/89      AC: 19    Str: 24    XL:     11   Next: 73%
Magic:  20/20      EV: 14    Int: 15    God:    Lugonu [******]
Gold:   587        SH:  0    Dex: 14    Spells: 23/23 levels left

rFire    . . .     SeeInvis .   e - +4 falchion (flame)
rCold    . . .     Faith    .   (no shield)
rNeg     . . .     Spirit   .   C - +0 plate armour
rPois    .         Reflect  .   H - +0 helmet
rElec    .         Harm     .   o - +2 cloak
rCorr    .         Rampage  .   L - +0 pair of gloves
MR       .....                  (no boots)
Stlth    ..........             t - amulet of regeneration
HPRegen  0.64/turn              D - +6 ring of strength
MPRegen  0.17/turn              k - +4 ring of evasion

@: no status effects
A: distributed training, fangs 1, strong nose
a: Depart the Abyss, Bend Space, Banish, Corrupt, Enter the Abyss, Brand Weapon
With Distortion, Renounce Religion


You were on level 11 of the Dungeon.
You worshipped Lugonu.
Lugonu was exalted by your worship.
You visited 1 branch of the dungeon, and saw 11 of its levels.
You visited the Abyss 1 time.

You collected 587 gold pieces.

Inventory:

Hand Weapons
 a - a +2 hand axe
 e - a +4 falchion of flaming (weapon)
 p - a +5 hand axe of electrocution
 E - the +8 scimitar of Floods {elec, MR+ Int+2 Dex+2}
   (You found it on level 8 of the Dungeon)

   Occasionally, upon striking a foe, it will discharge some electrical energy
   and cause terrible harm.
   It affects your intelligence (+2).
   It affects your dexterity (+2).
   It affects your resistance to hostile enchantments.
Missiles
 m - 38 poisoned darts
 I - 4 curare-tipped darts (quivered)
Armour
 o - a +2 cloak (worn)
 C - a +0 plate armour (worn)
 H - a +0 helmet (worn)
 L - a +0 pair of gloves (worn)
Jewellery
 c - an uncursed ring of protection from fire
 f - an uncursed ring of protection from fire
 k - a +4 ring of evasion (right hand)
 t - an amulet of regeneration (around neck)
 D - a +6 ring of strength (left hand)
Wands
 i - a wand of paralysis (10)
 q - a wand of disintegration (16)
 v - a wand of random effects (33)
 w - a wand of polymorph (26)
 B - a wand of enslavement (10)
 G - a wand of iceblast (21)
Scrolls
 d - 3 scrolls of blinking
 g - a scroll of identify
 h - 6 scrolls of teleportation
 j - 5 scrolls of remove curse
 u - 5 scrolls of fog
 y - 2 scrolls of magic mapping
Potions
 b - a potion of berserk rage
 l - 4 potions of might
 n - 2 potions of ambrosia
 r - 5 potions of curing
 s - a potion of haste
 x - a potion of lignification
 z - a potion of invisibility
 A - a potion of mutation {unknown}
 J - a potion of attraction {unknown}
 K - a potion of resistance {unknown}


   Skills:
 + Level 9.3 Fighting
 + Level 6.5 Short Blades
 + Level 6.5 Long Blades
 + Level 8.1 Axes
 + Level 6.5 Maces & Flails
 + Level 6.5 Polearms
 + Level 6.5 Staves
 + Level 6.5 Slings
 + Level 6.5 Bows
 + Level 6.5 Crossbows
 + Level 6.5 Throwing
 + Level 8.1 Armour
 + Level 7.1 Dodging
 + Level 6.5 Stealth
 + Level 6.5 Shields
 + Level 6.5 Unarmed Combat
 + Level 6.5 Spellcasting
 + Level 5.4 Conjurations
 + Level 5.4 Hexes
 + Level 5.4 Summonings
 + Level 5.4 Necromancy
 + Level 5.4 Translocations
 + Level 5.4 Transmutations
 + Level 5.4 Fire Magic
 + Level 5.4 Ice Magic
 + Level 5.4 Air Magic
 + Level 5.4 Earth Magic
 + Level 5.4 Poison Magic
 + Level 8.6 Invocations
 + Level 6.5 Evocations


You had 23 spell levels left.
You didn't know any spells.
Your spell library was empty.

Dungeon Overview and Level Annotations

Branches:
Dungeon (11/15)            Temple (0/1) D:6            Lair (0/6) D:11
    Orc (0/2) D:9

Altars:
Ashenzari
Cheibriados
Fedhas
Qazlal
Vehumet
Yredelemnul

Annotations:
D:2 1 runed translucent door


Innate Abilities, Weirdness & Mutations

Your experience applies equally to all skills.
You have very sharp teeth.
Your uncanny sense of smell can sniff out nearby items.


Message History

The five-headed hydra bites you. The five-headed hydra misses you.
The +8 scimitar of Floods {elec, MR+ Int+2 Dex+2} stops crackling.
Your +4 falchion of flaming bursts into flame!
e - a +4 falchion of flaming (weapon)
You hack one of the five-headed hydra's heads off!
The flame cauterises the wound!
You hit the four-headed hydra. You burn the four-headed hydra.
The four-headed hydra is severely wounded.
The four-headed hydra bites you.
* * * LOW HITPOINT WARNING * * *
The four-headed hydra bites you!
* * * LOW HITPOINT WARNING * * *
The four-headed hydra closely misses you.
The four-headed hydra barely misses you.
You hit the four-headed hydra. You burn the four-headed hydra.
The four-headed hydra is severely wounded.
The four-headed hydra bites you!
* * * LOW HITPOINT WARNING * * *
The four-headed hydra bites you!
You die...

#†# #............ #†#
#.......$.... ####
##.#### #............
.....#.....#
#.)..........
.....#....[#
#............
......≈....#
#.......#....
.....#.....# #O....###
...
.....#.†...###D####....
.. ....
#.....#..@...#<... .
######....†#......#.....
#.............#.....
##.#..PP.P.......# ...
......P...P..P...#
.....PP..P........#
.P...P.....P.P.PP.#
P..PP...P..P....P.#
..PPP.......P.P....


You could see a four-headed hydra and a two-headed ogre.

Vanquished Creatures
  A boulder beetle (D:7)
  2 two-headed ogres
  Pikel (D:4)
  An ugly thing (D:11)
  A gargoyle (D:11)
  A troll (D:9)
  Prince Ribbit (D:5)
  Sigmund (D:2)
  6 yaks (D:9)
  3 vampire mosquitoes
  A warg (D:9)
  Menkaure (D:5)
  9 orc warriors
  7 black bears (D:11)
  2 ice beasts
  A phantom (D:7)
  2 sky beasts
  2 ogres
  3 centaurs
  3 lemures (D:4)
  Blork the orc (D:4)
  14 bullfrogs
  2 big kobolds (D:10)
  2 wyvern zombies
  A water moccasin skeleton (D:10)
  7 scorpions
  3 wights (D:7)
  A howler monkey (D:4)
  2 bullfrog zombies
  6 hounds
  4 jellies
  A centaur zombie (D:5)
  Crazy Yiuf (D:2)
  2 centaur skeletons
  8 orc priests
  14 orc wizards
  5 iguanas
  2 bullfrog skeletons
  Natasha (thrice) (D:4)
  6 worker ants
  3 hound zombies
  3 gnolls (D:6)
  13 adders
  3 shadow imps
  2 white imps
  2 oozes
  An ufetubus (D:5)
  3 adder skeletons
  An adder zombie (D:7)
  2 worms (D:3)
  3 dart slugs
  5 leopard geckos
  41 orcs
  10 giant cockroaches
  9 goblins
  8 hobgoblins
  8 jackals
  12 kobolds
  5 quokkas
  A ball python (D:1)
  7 bats
  5 frilled lizards
  A goblin skeleton (D:2)
  A goblin zombie (D:2)
  A jackal zombie (D:5)
  A kobold skeleton (D:2)
  A quokka skeleton (D:9)
  6 rats
292 creatures vanquished.

Vanquished Creatures (others)
  20 fungi
  21 plants
41 creatures vanquished.

Grand Total: 333 creatures vanquished

Notes
Turn   | Place    | Note
-------+----------+-------------------------------------------
     0 | Abyss:1  | Gargoyl the Gnoll Abyssal Knight began the quest for the
                  | Orb.
     0 | Abyss:1  | Reached XP level 1. HP: 23/23 MP: 3/3
    50 | Abyss:1  | Noticed a necromancer
    50 | Abyss:1  | Noticed a sun demon
    51 | D:1      | Escaped the Abyss
    86 | D:1      | Reached * piety under Lugonu
   286 | D:1      | Reached XP level 2. HP: 29/29 MP: 5/5
   552 | D:1      | Reached XP level 3. HP: 34/35 MP: 6/6
  1169 | D:2      | Reached skill level 1 in Short Blades
  1169 | D:2      | Reached skill level 1 in Long Blades
  1169 | D:2      | Reached skill level 1 in Maces & Flails
  1169 | D:2      | Reached skill level 1 in Polearms
  1169 | D:2      | Reached skill level 1 in Staves
  1169 | D:2      | Reached skill level 1 in Slings
  1169 | D:2      | Reached skill level 1 in Bows
  1169 | D:2      | Reached skill level 1 in Crossbows
  1169 | D:2      | Reached skill level 1 in Throwing
  1169 | D:2      | Reached skill level 1 in Stealth
  1169 | D:2      | Reached skill level 1 in Shields
  1169 | D:2      | Reached skill level 1 in Unarmed Combat
  1169 | D:2      | Reached skill level 1 in Spellcasting
  1169 | D:2      | Reached skill level 1 in Evocations
  1498 | D:2      | Found a broken altar of Ashenzari.
  1507 | D:2      | Noticed Sigmund
  1521 | D:2      | Killed Sigmund
  1522 | D:2      | Reached skill level 1 in Conjurations
  1522 | D:2      | Reached skill level 1 in Hexes
  1522 | D:2      | Reached skill level 1 in Summonings
  1522 | D:2      | Reached skill level 1 in Necromancy
  1522 | D:2      | Reached skill level 1 in Translocations
  1522 | D:2      | Reached skill level 1 in Transmutations
  1522 | D:2      | Reached skill level 1 in Fire Magic
  1522 | D:2      | Reached skill level 1 in Ice Magic
  1522 | D:2      | Reached skill level 1 in Air Magic
  1522 | D:2      | Reached skill level 1 in Earth Magic
  1522 | D:2      | Reached skill level 1 in Poison Magic
  1522 | D:2      | Reached skill level 5 in Invocations
  1522 | D:2      | Reached XP level 4. HP: 27/41 MP: 7/7
  1522 | D:2      | Reached XP level 5. HP: 31/47 MP: 8/8
  1522 | D:2      | Reached XP level 6. HP: 35/53 MP: 9/9
  1628 | D:2      | Noticed a human
  1629 | D:2      | Found a runed translucent door.
  1639 | D:2      | Found a basalt altar of Yredelemnul.
  1704 | D:2      | Reached ** piety under Lugonu
  1804 | D:2      | Found a radiant altar of Vehumet.
  1945 | D:2      | Found a runed translucent door.
  1946 | D:2      | Noticed Crazy Yiuf
  2314 | D:2      | Killed Crazy Yiuf
  2526 | D:3      | Reached skill level 5 in Axes
  2526 | D:3      | Reached skill level 5 in Armour
  3032 | D:3      | Found a snail-covered altar of Cheibriados.
  3340 | D:4      | Reached XP level 7. HP: 52/59 MP: 10/10
  3447 | D:4      | Noticed Blork the orc
  3561 | D:3      | Reached skill level 7 in Fighting
  3564 | D:3      | Reached *** piety under Lugonu
  3586 | D:4      | Killed Blork the orc
  3680 | D:4      | Found a stormy altar of Qazlal.
  3716 | D:4      | Noticed Pikel
  3741 | D:4      | Killed Pikel
  3742 | D:4      | Reached XP level 8. HP: 67/67 MP: 12/12
  3745 | D:4      | Found a blossoming altar of Fedhas.
  3923 | D:4      | Noticed Natasha
  3926 | D:4      | Killed Natasha
  4031 | D:4      | Noticed Natasha
  4034 | D:4      | Killed Natasha
  4086 | D:4      | Noticed Natasha
  4090 | D:4      | Killed Natasha
  4250 | D:5      | Entered Level 5 of the Dungeon
  4379 | D:5      | Noticed Prince Ribbit
  4581 | D:5      | Noticed Menkaure
  4584 | D:5      | Killed Prince Ribbit
  4588 | D:5      | Killed Menkaure
  4589 | D:5      | Reached XP level 9. HP: 29/73 MP: 14/14
  4909 | D:6      | Found a staircase to the Ecumenical Temple.
  5229 | D:6      | Reached **** piety under Lugonu
  5393 | D:6      | Reached skill level 5 in Dodging
  5709 | D:7      | Noticed a boulder beetle
  5730 | D:7      | Killed a boulder beetle
  5731 | D:7      | Reached skill level 8 in Fighting
  5882 | D:7      | Identified a scroll of acquirement
  5882 | D:7      | Acquired a +4 falchion of flaming
  5954 | D:7      | You fall into a shaft and drop 1 floor!
  6012 | D:7      | Reached XP level 10. HP: 75/80 MP: 17/17
  6143 | D:7      | Reached skill level 5 in Short Blades
  6143 | D:7      | Reached skill level 5 in Long Blades
  6143 | D:7      | Reached skill level 5 in Maces & Flails
  6143 | D:7      | Reached skill level 5 in Polearms
  6143 | D:7      | Reached skill level 5 in Staves
  6143 | D:7      | Reached skill level 5 in Slings
  6143 | D:7      | Reached skill level 5 in Bows
  6143 | D:7      | Reached skill level 5 in Crossbows
  6143 | D:7      | Reached skill level 5 in Throwing
  6143 | D:7      | Reached skill level 5 in Stealth
  6143 | D:7      | Reached skill level 5 in Shields
  6143 | D:7      | Reached skill level 5 in Unarmed Combat
  6143 | D:7      | Reached skill level 5 in Spellcasting
  6143 | D:7      | Reached skill level 5 in Evocations
  6583 | D:8      | Noticed a two-headed ogre
  6588 | D:8      | Killed a two-headed ogre
  6773 | D:8      | Got a masterwork scimitar
  6778 | D:8      | Reached ***** piety under Lugonu
  6781 | D:8      | Identified the +8 scimitar of Floods {elec, MR+ Int+2
                  | Dex+2} (You found it on level 8 of the Dungeon)
  7526 | D:9      | Found a staircase to the Orcish Mines.
  8339 | D:9      | Reached XP level 11. HP: 75/87 MP: 19/19
  8394 | D:9      | Got a transparent demon whip
  8395 | D:9      | Identified the cursed +0 demon whip of Etumite {freeze, rN+
                  | Int+2} (You found it on level 9 of the Dungeon)
  8682 | D:10     | Entered Level 10 of the Dungeon
  8695 | D:9      | Reached skill level 9 in Fighting
  8735 | D:10     | Reached skill level 5 in Conjurations
  8735 | D:10     | Reached skill level 5 in Hexes
  8735 | D:10     | Reached skill level 5 in Summonings
  8735 | D:10     | Reached skill level 5 in Necromancy
  8735 | D:10     | Reached skill level 5 in Translocations
  8735 | D:10     | Reached skill level 5 in Transmutations
  8735 | D:10     | Reached skill level 5 in Fire Magic
  8735 | D:10     | Reached skill level 5 in Ice Magic
  8735 | D:10     | Reached skill level 5 in Air Magic
  8735 | D:10     | Reached skill level 5 in Earth Magic
  8735 | D:10     | Reached skill level 5 in Poison Magic
  9269 | D:10     | Noticed a two-headed ogre
  9275 | D:10     | Killed a two-headed ogre
  9528 | D:11     | Reached ****** piety under Lugonu
  9593 | D:11     | Found a staircase to the Lair.
  9616 | D:11     | Noticed a seven-headed hydra
  9617 | D:11     | Noticed a red ugly thing
  9619 | D:11     | Noticed a two-headed ogre
  9637 | D:11     | Killed a red ugly thing
  9641 | D:11     | Slain by a four-headed hydra

Illustrated notes

Levels and vault maps discovered:
D:1:      dpeg_arrival_renting, layout_loops_ring, serial_co_window_serial,
          co_window_paths_a, co_window_corner_a, co_window_paths_b,
          co_window_corner_a, co_window_paths_b, co_window_of_opportunity_a,
          co_window_paths_a, co_window_paths_a, co_window_of_opportunity_a,
          co_window_paths_c, co_window_broadway_a, co_window_corner_b,
          co_window_corner_b, co_window_corner_b, co_window_corner_ca,
          glass_columns_c
D:2:      layout_loops_cross, nicolae_overflow_crystal_walls,
          lemuel_crystal_altar, eino_curves_03, dk_yredelemnul_ordeal,
          uniq_sigmund, uniq_crazy_yiuf_cottage
D:3:      minmay_chambers_of_twos, layout_loops_ring,
          nicolae_overflow_hidden_temple, chequers_decorated_corner
D:4:      layout_loops_cross, grunt_temple_overflow_forces_of_nature,
          corexii_leaking_fountain, uniq_natasha, uniq_pikel, uniq_blork_the_orc
D:5:      layout_basic, grunt_decor_junction, uniq_prince_ribbit1, uniq_menkaure
D:6:      layout_loops_corners, minmay_temple_entry_statues_fountains,
          chequers_serial_rivers_micro_e
D:7:      layout_loops_ring
D:8:      layout_basic
D:9:      layout_stronghold, david_orc_3, serial_glass, glass_columns_a,
          glass_columns_b, minmay_puff
D:10:     layout_roguey, minmay_bent
D:11:     layout_basic, due_lair_maze_entry_diamond, serial_curves,
          eino_curves_03, eino_curves_03, xom_redecorated, uniq_sonja,
          uniq_josephine

Skill      XL: |  1  2  3  4  5  6  7  8  9 10 11 |
---------------+----------------------------------+-----
Short Blades   | 1 2 3 4 5 6 |  6.5
Long Blades    | 1 2 3 4 5 6 |  6.5
Maces & Flails | 1 2 3 4 5 6 |  6.5
Polearms       | 1 2 3 4 5 6 |  6.5
Staves         | 1 2 3 4 5 6 |  6.5
Slings         | 1 2 3 4 5 6 |  6.5
Bows           | 1 2 3 4 5 6 |  6.5
Crossbows      | 1 2 3 4 5 6 |  6.5
Throwing       | 1 2 3 4 5 6 |  6.5
Stealth        | 1 2 3 4 5 6 |  6.5
Shields        | 1 2 3 4 5 6 |  6.5
Unarmed Combat | 1 2 3 4 5 6 |  6.5
Spellcasting   | 1 2 3 4 5 6 |  6.5
Evocations     | 1 2 3 4 5 6 |  6.5
Dodging        | 3 4 5 6 7 |  7.1
Conjurations   | 1 2 3 4 5 |  5.4
Hexes          | 1 2 3 4 5 |  5.4
Summonings     | 1 2 3 4 5 |  5.4
Necromancy     | 1 2 3 4 5 |  5.4
Translocations | 1 2 3 4 5 |  5.4
Transmutations | 1 2 3 4 5 |  5.4
Fire Magic     | 1 2 3 4 5 |  5.4
Ice Magic      | 1 2 3 4 5 |  5.4
Air Magic      | 1 2 3 4 5 |  5.4
Earth Magic    | 1 2 3 4 5 |  5.4
Poison Magic   | 1 2 3 4 5 |  5.4
Invocations    | 5 6 7 8 |  8.6
Axes           | 5 6 7 8 |  8.1
Armour         | 5 6 7 8 |  8.1
Fighting       | 7 8 9 |  9.3

Action                   |  1- 3 |  4- 6 |  7- 9 | 10-12 || total
-------------------------+-------+-------+-------+-------++-------
Melee: Hand axe          |    98 |   152 |   237 |    81 ||   568
       Bite              |     6 |    14 |    22 |    45 ||    87
       Punch             |       |     1 |     3 |     9 ||    13
       Scimitar          |       |       |       |   204 ||   204
       Falchion          |       |       |       |     7 ||     7
Throw: Dart              |       |       |    17 |       ||    17
Invok: Depart the Abyss  |     1 |       |       |       ||     1
  Use: Scroll            |     1 |     9 |    15 |     6 ||    31
       Potion            |     1 |       |     1 |     1 ||     3
 Stab: Sleeping          |     1 |     2 |       |       ||     3
Armor: Leather armour    |    26 |     6 |       |       ||    32
       Chain mail        |       |    42 |   111 |     7 ||   160
       Ring mail         |       |     1 |       |       ||     1
       Plate armour      |       |       |       |   182 ||   182
Dodge: Dodged            |    83 |   116 |   148 |   289 ||   636
       Rpst.: Scimitar   |       |       |       |    62 ||    62
       Falchion          |       |       |       |     2 ||     2

Table legend: (Time is in decaauts)
 A = Elapsed time spent in this place.
 B = Non-inter-level travel time spent in this place.
 C = Inter-level travel time spent in this place.
 D = Time resting spent in this place.
 E = Time spent auto-exploring this place.
 F = Levels seen in this place.
 G = Mean time per level.
                   A        B        C        D        E       F      G
               +--------+--------+--------+--------+--------+-----+--------+
         Total |   9670 |   9360 |    310 |    348 |   6916 |  12 |  805.8 |
       Dungeon |   9619 |   9309 |    310 |    348 |   6867 |  11 |  874.5 |
         Abyss |     51 |     51 |      0 |      0 |     49 |   1 |   51.0 |
               +--------+--------+--------+--------+--------+-----+--------+

Top non-repeatable levels by time:
     D:1: 1334 daAuts
     D:9: 1292 daAuts
     D:2: 1099 daAuts
     D:8: 1014 daAuts
     D:3: 948 daAuts
     D:4: 834 daAuts
     D:6: 824 daAuts
    D:10: 792 daAuts
     D:7: 724 daAuts
     D:5: 615 daAuts
    D:11: 139 daAuts
 Abyss:1: 51 daAuts
